 Dungeon Crawl Stone Soup version 0.29.1-1-gd02db6906a (webtiles) character file.

Game seed: 10725215698876250305

59 xian the Trooper (level 3, -1/30 HPs)
             Began as a Demonspawn Abyssal Knight on Oct 7, 2022.
             Was a Believer of Lugonu.
             Slain by a gnoll
             ... wielding a +0 halberd
              (5 damage)
             ... on level 2 of the Dungeon.
             The game lasted 00:03:07 (1579 turns).

xian the Trooper (Demonspawn Abyssal Knight)        Turns: 1579, Time: 00:03:08

Health: -1/30      AC:  3    Str: 15    XL:     3   Next: 78%
Magic:  4/4        EV: 11    Int: 11    God:    Lugonu [**....]
Gold:   59         SH:  0    Dex: 13    Spells: 2/2 levels left

rFire   . . .      SeeInvis .   a - +1 hand axe
rCold   . . .      Faith    .   (no shield)
rNeg    . . .      Spirit   .   b - +0 leather armour
rPois   .          Reflect  .   (helmet restricted)
rElec   .          Harm     .   (no cloak)
rCorr   .          Rampage  .   (no gloves)
Will    .....                   (no boots)
Stlth   +.........              (no amulet)
HPRegen 0.10/turn               (no ring)
MPRegen 0.09/turn               (no ring)

@: attractive
A: antennae 1
a: Renounce Religion, Depart the Abyss, Bend Space


You were on level 2 of the Dungeon.
You worshipped Lugonu.
Lugonu was pleased with you.
You visited 1 branch of the dungeon, and saw 2 of its levels.
You visited the Abyss 1 time.

You collected 59 gold pieces.

Inventory:

Hand Weapons
 a - a +1 hand axe (weapon)
Missiles
 m - 2 stones (quivered)
Armour
 b - a +0 leather armour (worn)
 f - a +0 helmet
Magical Staves
 i - a staff of conjuration
Scrolls
 c - a scroll of amnesia {unknown}
 d - a scroll of poison {unknown}
 e - a scroll of blinking {unknown}
 g - a scroll of noise {unknown}
 h - 2 scrolls of identify {unknown}
 k - a scroll of silence {unknown}
 p - a scroll of magic mapping {unknown}
Potions
 j - a potion of mutation {unknown}
 n - a potion of flight {unknown}
 o - a potion of brilliance {unknown}


   Skills:
 + Level 3.9 Fighting
 + Level 2.6 Axes
 + Level 0.1 Throwing
 + Level 2.0 Armour
 + Level 1.0 Dodging
 + Level 0.1 Stealth
 + Level 2.5 Invocations


You had 2 spell levels left.
You didn't know any spells.
Your spell library contained the following spells:

 Spells                   Type           Power      Damage    Failure   Level
 Sublimation of Blood     Necr           0%         N/A       54%         2
 Petrify                  Tmut/Erth      0%         N/A       99%         4
 Irradiate                Conj/Tmut      0%         3d11      100%        5


Dungeon Overview and Level Annotations

Branches:
Dungeon (2/15)

Altars:

Shops:
D:2 [


Innate Abilities, Weirdness & Mutations

You have a pair of small antennae on your head.


Message History

The gnoll hits you with a +0 spear.
You closely miss the gnoll. The gnoll hits you with a +0 spear.
You barely miss the gnoll. Your punch misses the gnoll.
The gnoll completely misses you.
You slash the gnoll!
The gnoll is heavily wounded.
The gnoll hits you but does no damage.
You hit the gnoll.
You kill the gnoll!
Lugonu accepts your kill.
You hit the gnoll.
The gnoll is moderately wounded.
The gnoll hits you with a +0 flail!
You hit the gnoll.
The gnoll is heavily wounded.
The gnoll hits you from afar with a +0 halberd.
The gnoll hits you with a +0 flail!
* * * LOW HITPOINT WARNING * * *
The gnoll barely misses you.
You hit the gnoll.
The gnoll is almost dead.
The gnoll barely misses you. The gnoll hits you with a +0 flail.
* * * LOW HITPOINT WARNING * * *
You hit the gnoll.
You kill the gnoll!
Lugonu accepts your kill. The gnoll closely misses you.
Your Dodging skill increases to level 1!
Unknown command.
Okay, then.
Okay, then.
Okay, then.
It was a potion of attraction.
You feel attractive to monsters. The gnoll closely misses you.
The gnoll is attracted toward you. x2
Okay, then.
You hit the gnoll but do no damage. The gnoll hits you with a +0 spear.
* * * LOW HITPOINT WARNING * * *
The gnoll hits you from afar with a +0 halberd.
You die...

#.# #.# #.#
#.# #.# #.#
#.# #.# #.#
#ยง# #g# #g#
#@#
#.............
######.#######
#.. ###


You could see 2 gnolls.

Vanquished Creatures
  2 gnolls (D:2)
  2 adders (D:2)
  A ball python (D:2)
  3 endoplasms
  A giant cockroach (D:2)
  5 hobgoblins
  2 quokkas (D:2)
  A bat (D:2)
  A frilled lizard (D:1)
  A goblin (D:1)
  A kobold (D:1)
  2 rats (D:1)
22 creatures vanquished.

Notes
Turn   | Place    | Note
-------+----------+-------------------------------------------
     0 | Abyss:1  | xian the Demonspawn Abyssal Knight began the quest for the
                  | Orb.
     0 | Abyss:1  | Reached XP level 1. HP: 18/18 MP: 2/2
     1 | D:1      | Escaped the Abyss
    39 | D:1      | Found a faded altar of an unknown god.
   510 | D:2      | Gained mutation: You have a pair of small antennae on your
                  | head. [demonic ancestry]
   510 | D:2      | Reached XP level 2. HP: 23/24 MP: 3/3
   969 | D:2      | Found Lenlips's Antique Armour Boutique.
  1236 | D:2      | Reached XP level 3. HP: 16/30 MP: 4/4
  1562 | D:2      | Reached skill level 1 in Dodging
  1579 | D:2      | Slain by a gnoll

Illustrated notes

Levels and vault maps discovered:
D:1:      mrwooster_arrival_statue_3, layout_rooms,
          shapermc_ecumenical_altar_acropolis
D:2:      layout_basic, serial_shops,
          nicolae_shop_temple_entry_statues_fountains, minmay_door_square

Skill      XL: |  1  2  3 |
---------------+----------+-----
Axes           | 2 |  2.6
Armour         | 2 |  2.0
Dodging        | 1 |  1.0
Fighting       | |  3.9
Throwing       | |  0.1
Stealth        | |  0.1
Invocations    | |  2.5

Action                   || total
-------------------------++-------
Melee: Hand axe          ||    70
       Punch             ||     1
Throw: Boomerang         ||     5
       Stone             ||     4
  Use: Potion            ||     1
Armor: Leather armour    ||    20
Dodge: Dodged            ||    40
